Map: [G8] NeoHumanity

Players

Dark

  • Race: Zerg Zerg
  • Spawn Location: 5:00

Elazer - Winner!

  • Race: Zerg Zerg
  • Spawn Location: 11:00

Event: Gamers8 2023

VOD

Have the link to the VOD?

Description

Time

  • Played on: Aug. 3, 2023, 11:35 a.m.
  • Length: 10:29

All games in this series

Show
View Real Time Build Order
Export as new Build Order

Dark Zerg 

Build Orders: Hatch First, Zergling Baneling 

Get SALT Encoding   

  12  0:00  Drone  
  13  0:11  Overlord  
  13  0:16  Drone  
  14  0:30  Drone x2  
  16  0:47  Hatchery  
  15  0:50  Drone  
  15  0:54  Drone  
  15  0:56  Drone  
  18  1:00  Extractor  
  17  1:12  Spawning Pool  
  17  1:16  Drone  
  17  1:19  Drone  
  18  1:27  Drone  
  19  1:39  Drone  
  20  1:51  Drone  
  21  1:59  Queen x2  
  25  2:03  Metabolic Boost  
  25  2:05  Zergling x2, Drone  
  27  2:11  Overlord  
  27  2:14  Drone  
  28  2:29  Zergling x2  
  30  2:30  Drone  
  30  2:33  Drone  
  31  2:37  Hatchery  
  31  2:42  Zergling x4  
  32  2:47  Overlord  
  32  2:52  Baneling Nest  
  32  2:53  Zergling x2  
  32  2:59  Zergling x2  
  33  3:07  Zergling x4  
  33  3:10  Zergling x8  
  39  3:13  Zergling x2  
  39  3:17  Zergling x2  
  41  3:21  Zergling x2  
  41  3:22  Overlord  
  41  3:38  Drone x2  
  41  3:39  Baneling x2  
  42  3:42  Drone x2  
  42  3:43  Drone  
  42  3:45  Drone x3  
  46  3:52  Zergling x2  
  46  3:53  Zergling x2  
  46  3:54  Baneling  
  46  3:55  Baneling x2  
  47  4:04  Zergling x6  
  47  4:18  Zergling x2  
  47  4:19  Zergling x4  
  47  4:23  Drone x2  
  47  4:24  Drone  
  50  4:25  Drone x2  
  50  4:26  Baneling x2  
  50  4:27  Queen, Overlord  
  54  4:36  Extractor, Drone x2  
  54  4:37  Roach Warren  
  54  4:40  Baneling x2  
  54  4:43  Drone x2  
  56  4:47  Zergling x4  
  56  4:48  Zergling x2  
  56  4:52  Drone  
  60  4:53  Baneling x2  
  59  5:01  Baneling, Drone x2  
  59  5:07  Drone x3  
  59  5:08  Drone  
  60  5:14  Zergling x6  
  60  5:15  Zergling x2, Overlord  
  60  5:20  Overlord  
  63  5:21  Extractor  
  63  5:24  Overlord  
  63  5:26  Overlord  
  63  5:27  Overlord  
  61  5:29  Overlord  
  57  5:37  Drone x2  
  57  5:38  Baneling x4  
  57  5:41  Baneling x2  
  59  5:47  Zergling x2  
  59  5:48  Zergling x4  
  62  5:53  Roach  
  62  5:54  Zergling x4  
  62  5:55  Roach x3  
  62  5:56  Roach  
  73  6:00  Roach  
  73  6:03  Roach  
  76  6:07  Roach  
  76  6:09  Roach  
  79  6:12  Roach  
  79  6:15  Drone  
  82  6:18  Roach x2  
  82  6:19  Evolution Chamber, Drone x3  
  82  6:22  Roach  
  90  6:27  Overlord x2  
  90  6:33  Overlord  
  90  6:35  Overlord  
  90  6:44  Zerg Missile Weapons Level 1  
  90  6:46  Drone x3  
  90  6:47  Roach x2, Drone  
  94  6:49  Roach  
  94  6:53  Roach  
  94  6:54  Roach  
  104  6:56  Roach  
  104  6:59  Drone x2  
  108  7:05  Drone  
  108  7:06  Drone  
  110  7:10  Zergling x2  
  110  7:11  Zergling x8  
  110  7:15  Zergling x8  
  117  7:21  Baneling  
  117  7:22  Baneling x8  
  118  7:23  Zergling x2  
  118  7:24  Zergling x2  
  118  7:25  Zergling x2  
  118  7:27  Zergling x2  
  122  7:34  Zergling x2  
  122  7:35  Zergling x10  
  117  7:43  Roach x3  
  107  7:44  Roach  
  107  7:45  Roach x2  
  107  7:47  Roach  
  103  7:52  Roach  
  103  7:57  Roach x2  
  109  8:04  Drone  
  109  8:05  Lair  
  110  8:07  Drone x2  
  112  8:13  Drone  
  112  8:15  Extractor  
  112  8:17  Drone  
  112  8:18  Extractor x2  
  112  8:19  Drone  
  113  8:20  Drone x3  
  113  8:21  Drone  
  113  8:25  Roach x3  
  121  8:27  Overlord x2  
  121  8:29  Overlord  
  121  8:31  Overlord  
  121  8:35  Overlord  
  121  8:40  Overlord  
  121  8:43  Overlord  
  121  8:45  Queen  
  121  8:47  Roach x2  
  126  8:50  Roach x2  
  126  8:51  Roach x2  
  126  8:52  Roach  
  126  8:54  Roach x2  
  138  8:57  Roach x3  
  138  9:01  Ravager x2  
  138  9:02  Ravager  
  148  9:03  Roach  
  148  9:04  Roach  
  148  9:07  Roach  
  149  9:16  Roach x3  
  154  9:18  Roach  
  154  9:19  Roach  
  154  9:20  Roach  
  154  9:21  Overlord  
  154  9:24  Overlord  
  159  9:27  Roach  
  160  9:33  Roach  
  160  9:35  Overlord  
  160  9:38  Roach  
  160  9:41  Roach x3  
  160  9:43  Ravager  
  166  9:48  Roach x3  
  166  9:52  Roach x3  
  174  10:00  Roach x3  
  174  10:01  Roach  
  174  10:02  Roach  
Show
View Real Time Build Order
Export as new Build Order

Elazer Zerg - Winner!

Build Orders: Hatch First, Zergling Baneling 

Get SALT Encoding   

  12  0:00  Drone  
  13  0:12  Overlord  
  13  0:17  Drone  
  14  0:30  Drone x2  
  16  0:48  Hatchery  
  15  0:51  Drone  
  15  0:54  Drone  
  17  0:57  Drone  
  18  1:08  Extractor  
  17  1:13  Spawning Pool  
  17  1:16  Drone  
  17  1:19  Drone  
  18  1:27  Drone  
  19  1:38  Drone  
  20  1:49  Drone  
  21  1:59  Queen  
  21  2:00  Queen  
  21  2:01  Zergling x2, Overlord  
  26  2:08  Metabolic Boost  
  26  2:12  Drone x2  
  28  2:21  Drone  
  28  2:22  Drone  
  30  2:33  Hatchery  
  30  2:36  Zergling x2  
  30  2:39  Drone  
  31  2:44  Baneling Nest, Drone  
  31  2:49  Overlord  
  31  2:55  Drone x2  
  33  3:05  Drone  
  33  3:06  Drone  
  33  3:10  Overlord, Drone  
  36  3:16  Zergling x8  
  40  3:20  Zergling x4  
  41  3:29  Baneling  
  41  3:30  Zergling x4  
  43  3:39  Zergling x12  
  48  3:49  Queen  
  48  3:52  Baneling x2  
  48  3:53  Baneling  
  50  3:56  Overlord  
  50  3:58  Hatchery, Zergling x6  
  52  4:05  Overlord  
  49  4:23  Drone x3  
  46  4:31  Baneling  
  46  4:32  Baneling  
  46  4:33  Drone x2  
  48  4:39  Roach Warren  
  48  4:40  Drone x2  
  49  4:46  Queen x2  
  49  4:48  Baneling x2  
  49  4:50  Zergling x4  
  55  4:58  Zergling x4, Baneling  
  55  4:59  Baneling  
  56  5:08  Zergling x12  
  58  5:16  Overlord  
  57  5:22  Roach x3  
  57  5:27  Roach x2  
  66  5:31  Overlord  
  65  5:38  Roach x2  
  69  5:47  Overlord  
  69  5:49  Drone x2  
  71  5:51  Unknown  
  70  5:57  Drone x6  
  70  5:59  Lair  
  70  6:01  Drone x6  
  80  6:07  Drone  
  81  6:12  Drone x2  
  81  6:18  Extractor x2  
  82  6:19  Overlord  
  81  6:26  Overlord, Drone x3  
  81  6:27  Drone  
  81  6:31  Drone x5  
  90  6:36  Overlord  
  90  6:37  Evolution Chamber  
  89  6:41  Roach x3  
  94  6:51  Roach  
  94  6:52  Roach x2  
  100  7:00  Hatchery, Glial Reconstitution, Overlord  
  99  7:02  Drone x3  
  99  7:03  Extractor, Drone  
  99  7:06  Roach x4, Zerg Missile Weapons Level 1  
  110  7:12  Roach x4  
  118  7:15  Overlord  
  118  7:24  Baneling x9  
  118  7:28  Roach x2  
  122  7:36  Roach x5  
  129  7:41  Roach x3  
  125  7:45  Roach x2  
  125  7:49  Roach x4  
  131  7:54  Roach  
  131  7:56  Ravager  
  131  7:57  Overlord  
  134  8:07  Roach x2  
  134  8:12  Overlord x2  
  138  8:13  Overlord  
  138  8:17  Drone x2  
  140  8:22  Roach x2  
  140  8:23  Ravager  
  140  8:24  Ravager x2  
  147  8:29  Roach x3  
  147  8:33  Overlord  
  151  8:35  Roach x4  
  151  8:39  Roach x6  
  171  8:41  Overlord  
  171  8:56  Roach  
  171  8:57  Roach x5  
  183  9:06  Roach x4  
  183  9:08  Tunneling Claws  
  191  9:22  Overlord  
  188  9:38  Ravager  
  188  9:39  Ravager x2  
  188  9:46  Roach x5  
  198  9:58  Ravager  
Tags
 
Add a new tag
Caveats
  • Supply blocks, unpowered buildings, or Contaminate may cause inaccurate times.
  • Supply counts are checked every 10 seconds.